 Dungeon Crawl Stone Soup version 0.22-a0-469-gf26638a (webtiles) character file.

3563 George the Fencer (level 9, -10/70 HPs)
             Began as a Minotaur Fighter on June 11, 2018.
             Mangled by a two-headed ogre
             ... wielding a +0 giant spiked club
              (16 damage)
             ... on level 8 of the Dungeon.
             The game lasted 00:11:16 (6324 turns).

George the Fencer (Minotaur Fighter)                Turns: 6324, Time: 00:11:17

Health: -10/70     AC: 12    Str: 24    XL:     9   Next: 83%
Magic:  17/17      EV:  5    Int:  5    God:
Gold:   665        SH: 10    Dex: 15    Spells: 8/8 levels left

rFire    . . .     SeeInvis .   a - +0 long sword
rCold    . . .     Gourm    +   c - +0 shield
rNeg     . . .     Faith    .   z - +0 chain mail (curse)
rPois    .         Spirit   .   (helmet restricted)
rElec    .         Reflect  .   q - +0 cloak
rCorr    .         Harm     .   (no gloves)
MR       .....                  F - +1 pair of boots
Stlth    ..........             y - amulet of the gourmand
HPRegen  0.21/turn              t - ring of magical power
MPRegen  0.15/turn              G - +5 ring of dexterity

@: no status effects
A: retaliatory headbutt, horns 2
a: no special abilities


You were on level 8 of the Dungeon.
You were completely stuffed.

You visited 2 branches of the dungeon, and saw 9 of its levels.
You also visited: Sewer.

You collected 665 gold pieces.

Inventory:

Hand Weapons
 a - a +0 long sword (weapon)
Armour
 c - a +0 shield (worn)
 q - a +0 cloak (worn)
 x - a +0 chain mail
 z - a cursed +0 chain mail (worn)
 B - the +1 chain mail "Nien" {rN+ MR- SInv Stlth+}
   (You found it on level 6 of the Dungeon)

   It protects you from negative energy.
   It affects your resistance to hostile enchantments.
   It lets you see invisible.
   It makes you more stealthy.
 F - a +1 pair of boots (worn)
Jewellery
 p - an uncursed ring of ice
 r - an uncursed ring of fire
 t - a ring of magical power (left hand)
 y - an amulet of the gourmand (around neck)
 G - a +5 ring of dexterity (right hand)
Wands
 H - a wand of paralysis (9)
Scrolls
 b - a scroll of blinking {unknown}
 g - 3 scrolls of amnesia {unknown}
 i - 11 scrolls of identify {unknown}
 j - 4 scrolls of remove curse {unknown}
 k - 5 scrolls of teleportation {unknown}
 s - 4 scrolls of magic mapping {unknown}
 v - a scroll of vulnerability {unknown}
 A - 2 scrolls of enchant weapon {unknown}
 I - a scroll of noise {unknown}
Potions
 d - 2 potions of might
 e - 4 potions of haste {unknown}
 h - 2 potions of degeneration {unknown}
 l - a potion of mutation {unknown}
 m - 4 potions of curing {unknown}
 n - a potion of lignification {unknown}
 o - a potion of cancellation {unknown}
 u - a potion of flight {unknown}
 w - a potion of berserk rage {unknown}
 C - a potion of brilliance {unknown}
 D - 2 potions of magic {unknown}
Comestibles
 f - 10 rations
 E - a chunk of flesh


   Skills:
 - Level 3.6 Fighting
 + Level 15.9 Long Blades
 - Level 3.6 Armour
 - Level 3.6 Shields


You had 8 spell levels left.
You didn't know any spells.
Your spell library contained the following spells:

 Spells                   Type           Power        Failure   Level  Hunger
 Cause Fear               Hex            #.........   100%        4    #####..
 Slow                     Hex            #.......     100%        2    ###....
 Corona                   Hex            #......      100%        1    ##.....
 Portal Projectile        Hex/Tloc       #.....       100%        3    ####...
 Leda's Liquefaction      Hex/Erth       #.........   100%        4    #####..
 Inner Flame              Hex/Fire       #.......     100%        3    ####...


Dungeon Overview and Level Annotations

Branches:
Dungeon (8/15)             Temple (1/1) D:5            Lair (0/6) D:8

Altars:
Ashenzari
Cheibriados
Dithmenos
Elyvilon
Fedhas
Gozag
Hepliaklqana
Kikubaaqudgha
Makhleb
Nemelex Xobeh
Qazlal
Ru
Trog
Uskayaw
Wu Jian
Yredelemnul
Zin

Shops:
D:6 *   D:8 :


Innate Abilities, Weirdness & Mutations

You reflexively headbutt those who attack you in melee.
You have a pair of horns on your head.


Message History

The two-headed ogre is moderately wounded.
Evoke which item? (* to show all) (? for menu, Esc to quit)
Aiming: Paralyse
Press: ? - help, Shift-Dir - straight line, f - two-headed ogre
Aim: a two-headed ogre, wielding a giant spiked club and a giant club (moderately wounded, chance to defeat MR: 28%)
The two-headed ogre easily resists.
The two-headed ogre hits you with a giant spiked club!!
* * * LOW HITPOINT WARNING * * *
The two-headed ogre hits you with a giant club!
* * * LOW HITPOINT WARNING * * *
The orc priest looks satisfied for a moment.
You see here a stone.
You see here a tomahawk.
Items here: ( ) [ † a mace; a robe; a tomahawk; an orc corpse You see here a tomahawk.
Items here: $ ( ) [ a tomahawk; a flail; a ring mail; 23 gold pieces The two-headed ogre hits you with a giant spiked club!
You die...

... ###'###..
##....P##.###############
P...⌠..P##.............#.##
P......##..####..###.###.<
._._###..####..# ##.#...
####.##.......#..#####..##
#.#...)oO.∩.............#
#.))((###@..####.######...
##.#...# #..## #.# #.##
#.#.#### #..# #.. ..#
#..o###.# #..# #### ###
#..# #.# #..# #.. ## #...
#. ..<# #. #### .


You could see a two-headed ogre and an orc priest.

Vanquished Creatures
  An elephant (D:8)
  The ghost of Vajrapani the Sneak, a novice OpAs of Ru (D:5)
  Sigmund (D:5)
  A yak (D:8)
  A black bear (D:7)
  An ice beast (D:6)
  2 sky beasts
  An orc warrior (D:7)
  6 ogres
  3 phantoms
  3 crocodiles
  3 bullfrogs
  2 scorpions
  2 killer bees (D:7)
  A howler monkey (D:6)
  2 crimson imps
  A centaur zombie (D:7)
  4 hounds
  3 orc wizards
  2 jellies (D:7)
  A bullfrog skeleton (D:6)
  Crazy Yiuf (D:2)
  5 worker ants
  A hound zombie (D:5)
  A worker ant zombie (D:5)
  3 gnolls (D:2)
  9 adders
  An adder skeleton (D:7)
  An adder zombie (D:7)
  3 worms
  2 dart slugs
  7 leopard geckos
  10 orcs
  16 bats
  10 giant cockroaches
  12 hobgoblins
  14 jackals
  3 quokkas
  2 ball pythons
  8 frilled lizards
  11 goblins
  9 kobolds
  A quokka zombie (D:7)
  6 rats
178 creatures vanquished.

Notes
Turn   | Place    | Note
-------+----------+-------------------------------------------
     0 | D:1      | George the Minotaur Fighter began the quest for the Orb.
     0 | D:1      | Reached XP level 1. HP: 19/19 MP: 0/0
    95 | D:1      | Reached skill level 3 in Long Blades
   109 | D:1      | Reached XP level 2. HP: 16/26 MP: 1/1
   278 | D:1      | Reached skill level 4 in Long Blades
   350 | D:1      | Reached XP level 3. HP: 25/31 MP: 2/2
   501 | D:2      | Reached skill level 5 in Long Blades
   538 | D:2      | Reached XP level 4. HP: 31/39 MP: 3/3
   572 | D:2      | Found an opulent altar of Gozag.
   611 | D:2      | Found a runed door.
   983 | D:2      | Reached skill level 6 in Long Blades
  1543 | D:2      | Noticed Crazy Yiuf
  1550 | D:2      | Killed Crazy Yiuf
  1550 | D:2      | Reached XP level 5. HP: 25/45 MP: 4/4
  2157 | D:3      | Reached skill level 7 in Long Blades
  2290 | D:4      | Found a hazy altar of Hepliaklqana.
  2366 | D:4      | Reached XP level 6. HP: 33/51 MP: 5/5
  2513 | D:4      | Reached skill level 8 in Long Blades
  3094 | D:5      | Entered Level 5 of the Dungeon
  3128 | D:5      | Found an ancient bone altar of Kikubaaqudgha.
  3202 | D:5      | Reached skill level 9 in Long Blades
  3202 | D:5      | Reached XP level 7. HP: 30/57 MP: 6/6
  3260 | D:5      | Noticed Vajrapani's ghost (novice OpAs)
  3305 | D:5      | Killed Vajrapani's ghost
  3305 | D:5      | Reached skill level 10 in Long Blades
  3310 | D:5      | Found a staircase to the Ecumenical Temple.
  3324 | Temple   | Entered the Ecumenical Temple
  3417 | D:5      | Found a glowing drain.
  3450 | Sewer    | Entered a sewer
  3580 | D:5      | Noticed Sigmund
  3589 | D:5      | Killed Sigmund
  3589 | D:5      | Reached skill level 11 in Long Blades
  3589 | D:5      | Reached XP level 8. HP: 59/64 MP: 7/7
  3631 | D:5      | Found a snail-covered altar of Cheibriados.
  3793 | D:5      | You fall through a shaft for 3 floors!
  3793 | D:8      | Found a staircase to the Lair.
  3793 | D:8      | Noticed an elephant
  3817 | D:8      | Reached skill level 12 in Long Blades
  3831 | D:8      | Killed an elephant
  3831 | D:8      | Reached skill level 13 in Long Blades
  4056 | D:6      | Found Ufocen's Assorted Antiques.
  4123 | D:6      | Reached XP level 9. HP: 61/70 MP: 8/8
  4153 | D:6      | Got a distressingly furry chain mail
  4164 | D:6      | Identified the +1 chain mail "Nien" {rN+ MR- SInv Stlth+} (You found it on level 6 of the Dungeon)
  4432 | D:6      | Reached skill level 14 in Long Blades
  5264 | D:7      | Found a shattered altar of Ashenzari.
  5767 | D:7      | Reached skill level 15 in Long Blades
  6206 | D:7      | Found a shadowy altar of Dithmenos.
  6269 | D:8      | Found Waer's Book Boutique.
  6288 | D:8      | Found a burning altar of Makhleb.
  6294 | D:8      | Found a stormy altar of Qazlal.
  6307 | D:8      | Noticed a two-headed ogre
  6324 | D:8      | Mangled by a two-headed ogre

Vault maps used:
D:1:      dpeg_arrival_rooms_b
D:2:      grunt_gozag_breadcrumbs, uniq_crazy_yiuf_cottage
D:3:      first_ration
D:4:      old_standard_altar
D:5:      lemuel_doored_altar, lemuel_crystal_altar,
          nicolae_overflow_hidden_temple, minmay_temple_entry_statues_fountains,
          gup_sewer_entry_glass, sigmund_army, uniq_sigmund
D:6:      serial_shops, shop
D:7:      minmay_the_grid_square_5x5_3x3, grunt_dithmenos_shadows,
          evilmike_ruin_ashenzari
D:8:      fiery_altar_vehumet, gammafunk_temple_overflow_forgotten,
          david_lair_generic, serial_shops, shop_coins,
          hangedman_little_slice_of_home, kennysheep_generic_room_16
Temple:   eino_temple_lava
Sewer:    sewer_big_baddie

Skill      XL: |  1  2  3  4  5  6  7  8  9 |
---------------+----------------------------+-----
Long Blades    | 3 4 5 6 7 9 11 13 15 | 15.9
Fighting       | |  3.6
Armour         | |  3.6
Shields        | |  3.6

Action                   |  1- 3 |  4- 6 |  7- 9 || total
-------------------------+-------+-------+-------++-------
Melee: Long sword        |    83 |   187 |   317 ||   587
       Headbutt          |    10 |    30 |    61 ||   101
Evoke: Wand              |       |       |     1 ||     1
  Use: Potion            |       |       |     1 ||     1
  Eat: Chunk             |       |     6 |    23 ||    29
       Ration            |       |       |     1 ||     1
Armor: Scale mail        |    37 |    40 |       ||    77
       Chain mail        |       |    13 |    94 ||   107
Dodge: Dodged            |    23 |    38 |    47 ||   108
Block: Shield            |    53 |    77 |   104 ||   234
       Rpst.: Long sword |     5 |    13 |    14 ||    32

Table legend:
 A = Spawn XP
 B = Non-spawn XP
 C = Spawn XP percentage of total XP
 D = Spawn monster count
 E = Non-spawn monster count
 F = Spawn count percentage of total count
 G = Total turns spent on level
                    A         B        C        D         E        F      G
               +---------+---------+-------+---------+---------+-------+---------
         Total |       0 |    5091 |   0.0 |       0 |     178 |   0.0 |  6324
               +---------+---------+-------+---------+---------+-------+---------
           D:1 |       0 |      53 |   0.0 |       0 |      31 |   0.0 |   423
           D:2 |       0 |     178 |   0.0 |       0 |      35 |   0.0 |  1301
           D:3 |       0 |      60 |   0.0 |       0 |      22 |   0.0 |   485
           D:4 |       0 |     307 |   0.0 |       0 |       9 |   0.0 |   885
           D:5 |       0 |    1088 |   0.0 |       0 |      14 |   0.0 |   531
           D:6 |       0 |     725 |   0.0 |       0 |      23 |   0.0 |   999
           D:7 |       0 |    1513 |   0.0 |       0 |      25 |   0.0 |  1217
           D:8 |       0 |    1055 |   0.0 |       0 |      13 |   0.0 |   315
         Sewer |       0 |     112 |   0.0 |       0 |       6 |   0.0 |    93
               +---------+---------+-------+---------+---------+-------+---------
